 Dungeon Crawl Stone Soup version 0.31-a0-321-g19405a7a6a (webtiles) character file.

Game seed: 15205210849298908545

37 LeprechaunX the Changeling (level 3, 0/24 HPs)
             Began as an Octopode Shapeshifter on July 17, 2023.
             Slain by a goblin
             ... wielding a +0 club
              (1 damage)
             ... on level 2 of the Dungeon.
             The game lasted 00:00:41 (800 turns).

LeprechaunX the Changeling (Octopode Shapeshifter)   Turns: 800, Time: 00:00:41

Health: 0/24       AC:  1    Str: 16    XL:     3   Next: 39%
Magic:  3/3        EV: 13    Int: 10    God:
Gold:   73         SH:  0    Dex: 12    Spells: 2/2 levels left

rFire   . .          .
                       - Unarmed
rCold   . . .        (no shield)
rNeg    . . .        (helmet currently unavailable)
rPois   .            (no amulet)
rElec   .            (no ring)
rCorr   .            (no ring)
SInv    .            (no ring)
Will    .....        (no ring)
Stlth   ++           (no ring)
HPRegen 0.24/turn    (no ring)
MPRegen 0.08/turn    (no ring)
                     (no ring)

%: no passive effects
@: beast-form
A: beast (slay +2), almost no armour, amphibious, 8 rings, camouflage 1,
gelatinous body 1, (nimble swimmer 1), tentacles
a: Begin Untransformation


You were on level 2 of the Dungeon.
You were a hulking beast.
You visited 1 branch of the dungeon, and saw 2 of its levels.

You collected 73 gold pieces.

Inventory:

Missiles
 d - 4 poisoned darts
Talismans
 b - a beast talisman
Scrolls
 c - a scroll of fear {unknown}
 e - a scroll of identify {unknown}
 f - a scroll of brand weapon {unknown}
 g - 2 scrolls of noise {unknown}
 h - a scroll of vulnerability {unknown}
 k - a scroll of teleportation {unknown}
 l - a scroll of enchant armour {unknown}
Potions
 a - a potion of lignification
 i - 2 potions of magic {unknown}
 j - a potion of degeneration {unknown}


   Skills:
 + Level 2.3 Fighting
 + Level 2.3 Dodging
 * Level 2.6 Unarmed Combat
 * Level 3.3 Shapeshifting


You had 2 spell levels left.
You didn't know any spells.
Your spell library contained the following spells:

 Spells                   Type           Power      Damage    Failure   Level
 Kiss of Death            Conj/Necr      0%         2d5       36%         1
 Confusing Touch          Hex            0%         N/A       75%         3
 Dispel Undead            Necr           0%         3d6       98%         4


Dungeon Overview and Level Annotations

Branches:
Dungeon (2/15)

Altars:

Annotations:
D:2 Terence


Innate Abilities, Weirdness & Mutations

You are a hulking beast.
Your limbs bulge with bestial killing power. (Slay +2)
You cannot wear most types of armour.
You are amphibious.
You can wear up to eight rings at the same time.
Your skin changes colour to match your surroundings (Stealth+).
Your rubbery body absorbs attacks. (AC +1, EV +1)
((You are camouflaged when in or above water. (Stealth+)))
You have tentacles for arms and can constrict up to eight enemies at once.


Message History

You constrict Terence, but do no damage.
Terence hits you with a +1 mace of protection!
You are too injured to fight recklessly!
You are too injured to fight recklessly!
You are too injured to fight recklessly!
You are too injured to fight recklessly!
You are too injured to fight recklessly!
You are too injured to fight recklessly!
You are too injured to fight recklessly!
You are too injured to fight recklessly!
You are too injured to fight recklessly!
You are too injured to fight recklessly!
You are too injured to fight recklessly!
You are too injured to fight recklessly!
You are too injured to fight recklessly!
You are too injured to fight recklessly!
You are too injured to fight recklessly!
You are too injured to fight recklessly!
You are too injured to fight recklessly!
You are too injured to fight recklessly!
You are too injured to fight recklessly!
You tentacle-slap Terence but do no damage.
You squeeze Terence.
Terence is heavily wounded.
You constrict Terence.
Terence hits you with a +1 mace of protection.
* * * LOW HITPOINT WARNING * * *
The goblin barely misses you.
You tentacle-slap Terence but do no damage.
Terence is heavily wounded.
You constrict Terence.
Terence hits you with a +1 mace of protection.
* * * LOW HITPOINT WARNING * * *
The goblin barely misses you.
You tentacle-slap Terence but do no damage.
You squeeze Terence, but do no damage.
Terence is severely wounded.
You constrict Terence, but do no damage.
The goblin hits you with a +0 club.
You die...

#. ###............. #.#
#............... #.#
#.#............. #.#
#.##...[.......$
#.###.##.#..........
#........##........#
#####<.....###..........
.##.......(.............
................h.......
.####......###.@g.......
.# #........#..........
.# #......#.##........#
.## #......#..##......##
..###......# ..#........
#...#......## #.##.#...
.#..........## ..# .##..
..)..........#


You could see Terence and a goblin.

Vanquished Creatures
  Natasha (D:2)
  A dart slug (D:2)
  An endoplasm (D:1)
  2 goblins (D:1)
  2 hobgoblins (D:1)
  A kobold (D:2)
  A ball python (D:1)
  A bat (D:1)
10 creatures vanquished.

Notes
Turn   | Place    | Note
-------+----------+-------------------------------------------
     0 | D:1      | LeprechaunX the Octopode Shapeshifter began the quest for
                  | the Orb.
     0 | D:1      | Reached XP level 1. HP: 14/14 MP: 1/1
   278 | D:1      | Reached XP level 2. HP: 19/19 MP: 2/2
   743 | D:2      | Noticed Natasha
   769 | D:2      | Killed Natasha
   770 | D:2      | Reached XP level 3. HP: 22/24 MP: 3/3
   790 | D:2      | Noticed Terence
   799 | D:2      | HP: 1/24 [Terence/+1 mace of protection (5)]
   800 | D:2      | Slain by a goblin

Illustrated notes

Levels and vault maps discovered:
D:1:      dpeg_arrival_chambers_temple_mockup, layout_basic,
          hangedman_glass_teeth
D:2:      layout_rooms, uniq_jessica, uniq_terence, uniq_natasha

Action                     || total
---------------------------++-------
  Melee: Unarmed           ||    25
         Tentacles         ||     8
         Constrict         ||     6
   Stab: Sleeping          ||     1
 Armour: Skin              ||     1
  Dodge: Dodged            ||    17

Table legend: (Time is in decaauts)
 A = Elapsed time spent in this place.
 B = Non-inter-level travel time spent in this place.
 C = Inter-level travel time spent in this place.
 D = Time resting spent in this place.
 E = Time spent auto-exploring this place.
 F = Levels seen in this place.
 G = Mean time per level.
                   A        B        C        D        E       F      G
               +--------+--------+--------+--------+--------+-----+--------+
         Total |    798 |    787 |     11 |      0 |    699 |   2 |  399.0 |
       Dungeon |    798 |    787 |     11 |      0 |    699 |   2 |  399.0 |
               +--------+--------+--------+--------+--------+-----+--------+

Top non-repeatable levels by time:
     D:1: 714 daAuts
     D:2: 84 daAuts
